 Dungeon Crawl Stone Soup version 0.31-a0-1074-g0b22e4e0f1 (webtiles) character file.

Game seed: 14327988252870224066

611 avis the Changeling (level 7, 29/29 HPs)
             Began as a Felid Shapeshifter on Dec 2, 2023.
             Got out of the dungeon alive.
             The game lasted 00:14:55 (4655 turns).

avis the Changeling (Felid Shapeshifter)            Turns: 4655, Time: 00:14:56

Health: 29/29      AC:  2    Str: 10    XL:     7   Next: 20%
Magic:  8/8        EV: 20    Int: 12    God:
Gold:   447        SH:  0    Dex: 17    Spells: 6/6 levels left
                                        Lives:  1   Deaths: 1

rFire   . .          .
                       - Unarmed
rCold   . . .        (shield unavailable)
rNeg    . . .        (body armour unavailable)
rPois   .            (helmet unavailable)
rElec   .            (cloak unavailable)
rCorr   .            (gloves unavailable)
SInv    +            (boots unavailable)
Will    +....        (no amulet)
Stlth   +            (no ring)
HPRegen 0.24/turn    (no ring)
MPRegen 0.11/turn

%: no passive effects
@: flux-form, glowing, quick
A: glow, contaminating, reduced hp, very small, claws 1, fangs 3, see invisible,
speed 1, shaggy fur 2, stealthy paws, no weapons or thrown items, no armour,
multi-lived
a: Begin Untransformation


You escaped.
You were something dangerously unstable.
You visited 1 branch of the dungeon, and saw 6 of its levels.

You collected 447 gold pieces.

Inventory:

Jewellery
 j - a ring of willpower
 o - an amulet of regeneration
Talismans
 b - a beast talisman
 f - a flux talisman (active)
Wands
 a - a wand of charming (15)
 p - a wand of light (13)
Scrolls
 e - 2 scrolls of poison {unknown}
 i - 2 scrolls of vulnerability {unknown}
 k - 4 scrolls of identify {unknown}
 l - a scroll of enchant weapon {unknown}
 m - 2 scrolls of immolation {unknown}
 n - a scroll of amnesia {unknown}
 q - a scroll of summoning {unknown}
Potions
 c - a potion of attraction {unknown}
 d - 3 potions of might {unknown}
 g - a potion of curing {unknown}
 h - 2 potions of invisibility {unknown}


   Skills:
 - Level 3.0 Fighting
 - Level 6.0 Dodging
 - Level 3.0 Unarmed Combat
 - Level 2.0 Evocations
 * Level 6.4 Shapeshifting


You had 6 spell levels left.
You didn't know any spells.
Your spell library contained the following spells:

 Spells                   Type           Power      Damage    Failure   Level
 Freeze                   Ice            0%         1d3       32%         1
 Sting                    Tmut/Pois      0%         1d3       32%         1
 Blink                    Tloc           0%         N/A       45%         2
 Lesser Beckoning         Tloc           0%         N/A       45%         2
 Momentum Strike          Conj/Tloc      0%         3d8       45%         2
 Poisonous Vapours        Pois/Air       0%         N/A       45%         2
 Frozen Ramparts          Ice            0%         1d1       69%         3
 Hailstorm                Conj/Ice       0%         3d3       69%         3
 Olgreb's Toxic Radiance  Pois           0%         N/A       97%         4


Dungeon Overview and Level Annotations

Branches:
Dungeon (6/15)
 Temple: D:4-7

Altars:
Cheibriados
Wu Jian

Shops:
D:4 [


Innate Abilities, Weirdness & Mutations

You are something dangerously unstable.
You glow with magical radiation, making you easy to see and hit.
Foes you strike become dangerously contaminated with magical radiation.
Your maximum health is decreased, since you lack skill for your form.
You have sharp claws.
You have razor-sharp teeth.
You have supernaturally acute eyesight. (SInv)
You cover ground quickly. (Speed+)
You are covered in thick fur. (AC +2)
Your paws help you pounce on unaware monsters.
You are incapable of wielding weapons or throwing items.
You cannot wear armour.
You gain extra lives every three experience levels.


Message History

You scratch the kobold brigand.
The kobold brigand glows dangerously bright.
Your bite misses the kobold brigand.
The kobold brigand is lightly wounded.
The kobold brigand misses you.
You scratch the kobold brigand.
The kobold brigand shudders as magic cascades through it!!
You kill the kobold brigand!
You closely miss the kobold. You bite the kobold.
You kill the kobold!
You scratch the kobold but do no damage.
The kobold begins to glow.
The kobold closely misses you.
The gnoll hits you from afar with a +0 halberd!
You die...
Your shape twists and changes as you die.
You rejoin the land of the living...
What level of the Dungeon? (default 5, ? - help)
Found a stone staircase leading down.
There is a stone staircase leading up here.
You climb upwards.
There is a stone staircase leading down here.
There is an escape hatch in the ceiling here.
A mysterious force pulls you upwards. The hatch slams shut behind you.
There is a stone staircase leading up here.
You climb upwards.
There is a stone staircase leading down here.
There is a stone staircase leading up here.
You climb upwards.
There is a stone staircase leading down here.
There is a stone staircase leading up here.
You climb upwards.
There is a stone staircase leading down here.
There is a stone staircase leading down here.
You open the door.
There is an open door here.
There is a dry fountain here.
You enter the shallow water.
Moving in this stuff is going to be slow.
There is a staircase leading out of the dungeon here.
You have escaped!

###############
#≈≈≈≈≈≈≈≈≈≈≈≈≈#
#≈≈≈≈≈~≈≈~≈≈≈≈#
#≈≈≈≈~~~~~≈≈≈≈#
#≈≈≈≈~~~~~~≈≈≈# ###
#≈≈~~~...~~~~≈# ..#
#≈≈~~..p..~~≈≈# #.#
#≈≈≈~~...~~~~≈# #.#
#≈≈≈~~~~~~≈≈≈≈# #.#
#≈≈≈≈≈~~~≈≈≈≈≈# #.#
#≈≈≈≈~~~~~≈≈≈≈#
#.########≈≈≈≈~≈~≈~≈≈≈≈#
#...[....#≈≈≈≈~≈~~~~~~≈#
##########≈≈≈~~≈~≈~~≈≈~#
###### #≈≈≈~~≈~~~~≈≈≈#


There were no monsters in sight!

Vanquished Creatures
  A black bear (D:5)
  2 phantoms
  A kobold brigand (D:6)
  A hound (D:5)
  2 jellies
  An orc priest (D:5)
  A gnoll bouda (D:6)
  Ijyb (D:3)
  An orc wizard (D:6)
  A gnoll (D:6)
  2 adders (D:4)
  A dart slug (D:5)
  10 orcs
  6 bats
  3 endoplasms
  4 giant cockroaches
  3 goblins
  7 hobgoblins
  8 jackals
  11 kobolds
  4 quokkas
  3 ball pythons
  A frilled lizard (D:3)
  5 rats
80 creatures vanquished.

Notes
Turn   | Place    | Note
-------+----------+-------------------------------------------
     0 | D:1      | avis the Felid Shapeshifter began the quest for the Orb.
     0 | D:1      | Reached XP level 1. HP: 9/9 MP: 2/2
   174 | D:1      | Reached XP level 2. HP: 13/13 MP: 3/3
   413 | D:1      | Found a faded altar of an unknown god.
   543 | D:1      | You fall into a shaft and drop 1 floor!
   604 | D:2      | Reached XP level 3. HP: 16/16 MP: 4/4
  1268 | D:3      | Noticed Ijyb
  1281 | D:3      | Killed Ijyb
  1282 | D:3      | Reached XP level 4. HP: 21/21 MP: 5/5
  1347 | D:3      | Found a snail-covered altar of Cheibriados.
  2012 | D:4      | Found an ornate altar of the Wu Jian Council.
  2102 | D:4      | Noticed a phantom
  2118 | D:4      | Killed a phantom
  2119 | D:4      | Reached skill level 5 in Dodging
  2119 | D:4      | Reached XP level 5. HP: 6/24 MP: 6/6
  2427 | D:4      | Found Woteguta's Antique Armour Shop.
  2533 | D:5      | Entered Level 5 of the Dungeon
  2779 | D:5      | Noticed a black bear
  3483 | D:5      | Reached skill level 1 in Evocations
  3793 | D:5      | Killed a black bear
  3794 | D:5      | Gained mutation: You are covered in thick fur. (AC +2)
                  | [Felid growth]
  3794 | D:5      | Reached XP level 6. HP: 10/28 MP: 7/7
  4084 | D:5      | Reached skill level 5 in Shapeshifting
  4516 | D:6      | Reached XP level 7. HP: 19/31 MP: 8/8
  4528 | D:6      | Slain by a gnoll
  4655 | D:$      | Got out of the dungeon alive.

Illustrated notes

Levels and vault maps discovered:
D:1:      zaba_arrival_water, layout_loops_ring, ebering_ecumenical_altar_rust
D:2:      layout_rooms
D:3:      layout_loops_cross, amcnicky_altar_gilded, serial_bayou,
          serial_bayou_pond_d, serial_bayou_lagoon_a, serial_bayou_shore_b,
          serial_bayou_shore_b, uniq_ijyb
D:4:      layout_gridville, mainiacjoe_overflow_cross_hatched, serial_shops,
          nicolae_shop_overgrown_old_shop, nicolae_tricolors
D:5:      layout_basic
D:6:      layout_basic, lemuel_coloured_pillars_altar

Skill      XL: |  1  2  3  4  5  6 |
---------------+-------------------+-----
Fighting       | 2 3 |  3.0
Dodging        | 3 4 5 6 |  6.0
Shapeshifting  | 4 6 |  6.4
Evocations     | 1 2 |  2.0
Unarmed Combat | |  3.0

Action                     |  1- 3 |  4- 6 |  7- 9 || total
---------------------------+-------+-------+-------++-------
  Melee: Unarmed           |    87 |   117 |    13 ||   217
         Bite              |     4 |    10 |     4 ||    18
         Punch             |     3 |     1 |       ||     4
    Use: Potion            |     1 |       |       ||     1
   Stab: Sleeping          |     1 |       |       ||     1
 Armour: Skin              |    22 |    51 |     3 ||    76
  Dodge: Dodged            |    63 |   118 |     6 ||   187
   Form: Flux              |       |     1 |       ||     1

Table legend: (Time is in decaauts)
 A = Elapsed time spent in this place.
 B = Non-inter-level travel time spent in this place.
 C = Inter-level travel time spent in this place.
 D = Time resting spent in this place.
 E = Time spent auto-exploring this place.
 F = Levels seen in this place.
 G = Mean time per level.
                   A        B        C        D        E       F      G
               +--------+--------+--------+--------+--------+-----+--------+
         Total |   3979 |   3414 |    565 |    602 |   1969 |   6 |  663.2 |
       Dungeon |   3979 |   3414 |    565 |    602 |   1969 |   6 |  663.2 |
               +--------+--------+--------+--------+--------+-----+--------+

Top non-repeatable levels by time:
     D:5: 1327 daAuts
     D:4: 775 daAuts
     D:1: 741 daAuts
     D:3: 609 daAuts
     D:2: 377 daAuts
     D:6: 147 daAuts
